 Dungeon Crawl Stone Soup version 0.23.2-40-g277498a001 (webtiles) character file.

Game seed: 17559120584223142962

114 Descartes the Sneak (level 4, -2/20 HPs)
             Began as a Felid Wanderer on Oct 13, 2019.
             Killed from afar by an orc wizard (12 damage)
             ... with a magic dart
             ... on level 4 of the Dungeon.
             The game lasted 00:12:21 (5388 turns).

Descartes the Sneak (Felid Wanderer)                Turns: 5388, Time: 00:12:21

Health: -2/20      AC:  1    Str:  8    XL:     4   Next: 67%
Magic:  7/8        EV: 19    Int: 19    God:
Gold:   191        SH:  0    Dex: 15    Spells: 0/7 levels left
                                        Lives:  0   Deaths: 1

rFire    . . .     SeeInvis +     - Unarmed
rCold    . . .     Gourm    .   (shield unavailable)
rNeg     . . .     Faith    .   (armour unavailable)
rPois    .         Spirit   .   (helmet unavailable)
rElec    .         Reflect  .   (cloak unavailable)
rCorr    .         Harm     .   (gloves unavailable)
MR       .....                  (boots unavailable)
Stlth    +++.......             (no amulet)
HPRegen  0.06/turn              q - +4 ring of intelligence
MPRegen  0.11/turn              j - +1 ring of evasion

@: quick
A: very small, no armour, no weapons or thrown items, stealth, claws 1, fangs 3,
see invisible, carnivore, speed 1, shaggy fur 1, slow metabolism 1, sharp paws
a: no special abilities


You were on level 4 of the Dungeon.
You were not hungry.

You visited 1 branch of the dungeon, and saw 4 of its levels.

You collected 191 gold pieces.

Inventory:

Missiles
 f - 48 arrows
 g - 145 stones
Jewellery
 i - an uncursed ring of flight
 j - a +1 ring of evasion (right paw)
 m - an uncursed amulet of the acrobat {unknown}
 q - a +4 ring of intelligence (left paw)
Wands
 o - a wand of digging (4)
 t - a wand of flame (30)
Scrolls
 a - 3 scrolls of noise {unknown}
 d - 2 scrolls of identify {unknown}
 e - 3 scrolls of amnesia
 h - 2 scrolls of fear {unknown}
 k - 2 scrolls of teleportation
 n - a scroll of enchant armour {unknown}
 r - 3 scrolls of remove curse {unknown}
 u - a scroll of enchant weapon {unknown}
 w - a scroll of random uselessness {unknown}
Potions
 b - 2 potions of lignification
 l - a potion of cancellation
 p - a potion of heal wounds
 s - a potion of mutation {unknown}
 v - a potion of brilliance {unknown}
 x - a potion of curing
Comestibles
 c - 8 rations


   Skills:
 + Level 2.6 Fighting
 * Level 3.2 Dodging
 * Level 4.4 Stealth
 * Level 2.4 Unarmed Combat
 + Level 2.4 Spellcasting
 + Level 0.9 Conjurations
   Level 3.6 Charms
 + Level 1.8 Translocations
 + Level 0.1 Ice Magic
 + Level 0.2 Evocations


You couldn't memorise any spells.
You knew the following spells:

 Your Spells              Type           Power        Failure   Level  Hunger
a - Magic Dart            Conj           #...         11%         1    #......
b - Blink                 Tloc           N/A          12%         2    ##.....
c - Mephitic Cloud        Conj/Pois/Air  #.......     38%         3    ###....
d - Ensorcelled Hibernat  Hex/Ice        #.....       24%         2    ##.....

Your spell library contained the following spells:

 Spells                   Type           Power        Failure   Level  Hunger
 Corona                   Hex            #......      16%         1    #......
 Call Imp                 Summ           #.......     24%         2    ##.....
 Slow                     Hex            #.......     24%         2    ##.....
 Conjure Flame            Conj/Fire      #.......     38%         3    ###....
 Dazzling Spray           Conj/Hex       #.....       38%         3    ###....
 Confuse                  Hex            #.......     43%         3    ###....
 Tukima's Dance           Hex            #.......     43%         3    ###....


Dungeon Overview and Level Annotations

Branches:
Dungeon (4/15)
 Temple: D:4-7

Altars:


Innate Abilities, Weirdness & Mutations

You cannot wear armour.
You are incapable of wielding weapons or throwing items.
Your paws allow you to move quietly. (Stealth)
You have sharp claws.
You have razor-sharp teeth.
You have supernaturally acute eyesight. (SInv)
You are carnivorous and can eat meat at any time.
You cover ground quickly.
You are covered in fur. (AC +1)
You have a slow metabolism.
Your sharp claws are effective at attacking unaware monsters.


Message History

You scratch the orc wizard.
You bite the orc wizard, but do no damage.
The orc wizard is lightly wounded.
The orc wizard gestures at you while chanting.
The magic dart hits you!
Ouch! That really hurt!
You are too injured to fight recklessly!
You are too injured to fight recklessly!
You are too injured to fight recklessly!
Casting: Mephitic Cloud (slightly dangerous; 38% risk of failure)
Confirm with . or Enter, or press ? or * to list all spells.
Aiming: Magic Dart (safe; 11% risk of failure)
Press: ? - help, Shift-Dir - straight line, f - orc wizard
Aim: an orc wizard, wielding a +1 dagger of speed and wearing a +0 robe (lightly wounded)
The magic dart hits the orc wizard.
The orc wizard is moderately wounded.
The orc wizard points at you and mumbles some strange words.
The magic dart hits you!
Ouch! That really hurt!
You die...

..## ###) #.#.# #..#
...##..h #...# #..# ....#.#
#.<# #..##### ......##
.####..###......## #
.......##.............#
#.####S..
.......#######........#
#..o..o.#
....#.............###.###..#
...###.#######..o## ##...#.#
..## .#######..@# ##.##..o
.## ..........######.# ####
. ........<......... .
##################


You could see an orc wizard.

Vanquished Creatures
  A hound (D:4)
  8 adders
  A worm (D:3)
  2 dart slugs (D:1)
  A leopard gecko (D:2)
  6 orcs
  A ball python (D:2)
  13 bats
  6 giant cockroaches
  6 goblins
  10 hobgoblins
  5 frilled lizards
  14 kobolds
  7 rats
81 creatures vanquished.

Notes
Turn   | Place    | Note
-------+----------+-------------------------------------------
     0 | D:1      | Descartes the Felid Wanderer began the quest for the Orb.
     0 | D:1      | Descartes set off with the following items: 2 potions of
                  | lignification, a ration; and the following spell memorised:
                  | Magic Dart; and the following spells available to memorise:
                  | Blink, Call Imp, Slow, Conjure Flame, Mephitic Cloud
     0 | D:1      | Reached XP level 1. HP: 9/9 MP: 4/4
   192 | D:1      | Reached skill level 3 in Stealth
   332 | D:1      | Reached skill level 1 in Dodging
   332 | D:1      | Reached XP level 2. HP: 13/13 MP: 6/6
  1325 | D:1      | Reached XP level 3. HP: 16/16 MP: 5/7
  1348 | D:1      | Learned a level 2 spell: Blink
  1352 | D:1      | Learned a level 3 spell: Mephitic Cloud
  2471 | D:2      | Reached XP level 4. HP: 18/20 MP: 4/8
  2548 | D:2      | Reached skill level 1 in Translocations
  3171 | D:3      | Reached skill level 4 in Stealth
  3482 | D:3      | HP: 1/30 [poisoned by an adder]
  3898 | D:3      | Reached XP level 5. HP: 23/23 MP: 9/9
  4784 | D:3      | Learned a level 2 spell: Ensorcelled Hibernation
  5090 | D:4      | Noticed an ogre
  5137 | D:3      | Slain by a jackal
  5138 | D:3      | Reached XP level 4. HP: 0/20 MP: 8/8
  5388 | D:4      | Killed from afar by an orc wizard

Skill      XL: |  1  2  3  4 |
---------------+-------------+-----
Stealth        | 3 4 |  4.4
Dodging        | 1 2 3 |  3.2
Unarmed Combat | 2 |  2.4
Translocations | 1 |  1.8
Fighting       | |  2.6
Spellcasting   | |  2.4
Conjurations   | |  0.9
Charms         | |  3.6
Ice Magic      | |  0.1
Evocations     | |  0.2

Action                   |  1- 3 |  4- 6 || total
-------------------------+-------+-------++-------
Melee: Unarmed           |   111 |   131 ||   242
       Bite              |    10 |    14 ||    24
       Punch             |     1 |     1 ||     2
 Cast: Magic Dart        |    61 |    50 ||   111
       Mephitic Cloud    |       |     1 ||     1
  Use: Potion            |       |     5 ||     5
       Scroll            |       |     2 ||     2
 Stab: Sleeping          |     2 |     7 ||     9
  Eat: Chunk             |    12 |     5 ||    17
Armor: Skin              |     3 |     5 ||     8
Dodge: Dodged            |    92 |   123 ||   215
